 Dungeon Crawl Stone Soup version 0.24.0-125-gc4c63601f3 (webtiles) character file.

Game seed: 3777935724970173907, levelgen mode: deterministic

95 Peloso the Shield-Bearer (level 4, 61/61 HPs)
             Began as a Minotaur Fighter on Mar 4, 2020.
             Got out of the dungeon alive.
             The game lasted 00:02:54 (1317 turns).

Peloso the Shield-Bearer (Minotaur Fighter)         Turns: 1317, Time: 00:02:55

Health: 61/61      AC:  7    Str: 26    XL:     4   Next: 40%
Magic:  3/3        EV:  8    Int: 10    God:
Gold:   107        SH: 10    Dex: 10    Spells: 3/3 levels left

rFire    + . .     SeeInvis .   a - +0 long sword
rCold    + . .     Gourm    .   c - +0 shield
rNeg     . . .     Faith    .   b - +0 scale mail
rPois    +         Spirit   .   (helmet restricted)
rElec    +         Reflect  .   (no cloak)
rCorr    +         Harm     .   (no gloves)
MR       .....                  (no boots)
Stlth    ..........             (no amulet)
HPRegen  0.20/turn              g - +4 ring of slaying
MPRegen  0.08/turn              (no ring)

@: brilliant, berserking (expiring), resistant, very quick
A: retaliatory headbutt, horns 2, talons 1, blurry vision 2
a: no special abilities


You escaped.
You were not hungry.

You visited 1 branch of the dungeon, and saw 2 of its levels.

You collected 107 gold pieces.

Inventory:

Hand Weapons
 a - a +0 long sword (weapon)
 q - a cursed +0 spear
Armour
 b - a +0 scale mail (worn)
 c - a +0 shield (worn)
Jewellery
 g - a +4 ring of slaying (left hand)
 o - an uncursed amulet of harm {unknown}
Scrolls
 e - 5 scrolls of remove curse {unknown}
 i - 2 scrolls of teleportation {unknown}
 k - 2 scrolls of noise {unknown}
 l - a scroll of identify {unknown}
Potions
 d - 2 potions of might
 h - a potion of curing
 m - a potion of brilliance
Comestibles
 f - 4 rations


   Skills:
 + Level 4.4 Fighting
 + Level 3.4 Long Blades
 + Level 4.2 Armour
 + Level 0.3 Dodging
 + Level 4.6 Shields


You had 3 spell levels left.
You didn't know any spells.
Your spell library was empty.

Dungeon Overview and Level Annotations

Branches:
Dungeon (2/15)

Altars:
Nemelex Xobeh


Innate Abilities, Weirdness & Mutations

You reflexively headbutt those who attack you in melee.
You have a pair of horns on your head.
You have sharp toenails.
Scrolls take you longer to read.


Message History

Why would you want to do that?
It was a potion of curing.
You feel better.
It was a potion of mutation.
You feel extremely strange.
Your vision blurs. x2; Your toenails lengthen and sharpen.
It was a potion of resistance.
You feel protected.
It was a potion of brilliance.
You feel clever all of a sudden.
It was a potion of berserk rage.
A red film seems to cover your vision as you go berserk!
You feel yourself moving faster!
You feel mighty! Why would you want to do that?
You feel a strong urge to attack something.
There is a staircase leading out of the dungeon here.
You can't go down here!
Are you sure you want to leave the Dungeon?
This will make you lose the game!
Alright, then stay!
Are you sure you want to leave the Dungeon?
This will make you lose the game!
You feel your anger nearly subside.
You have escaped!

.# #.# #.# ###.# #.# .# #.#
#.####..###### #.# .######.#
#.....)......# #.# ...[.##.#
#####...####.# #.#
####.##.######..8..###.# #.#
####................##.# #.#
..#####.####.......(.#.# #†#
...## #.###.....8......# #.#
#...###.##......@......# #.#
##.........#.8.....8.#####.#
#†..###........≈≈≈.........#
............##§§§§≈#########
...####.....##§§§≈§# .#.#
##.#..##§≈§§≈#
.#.#####....########
......####..# ###
............# #.#


There were no monsters in sight!

Vanquished Creatures
  4 adders (D:2)
  An ooze (D:1)
  A worm (D:2)
  2 leopard geckos
  6 bats
  2 giant cockroaches (D:1)
  3 goblins (D:1)
  4 hobgoblins (D:1)
  6 jackals (D:2)
  12 kobolds
  4 frilled lizards
  7 rats
52 creatures vanquished.

Notes
Turn   | Place    | Note
-------+----------+-------------------------------------------
     0 | D:1      | Peloso the Minotaur Fighter began the quest for the Orb.
     0 | D:1      | Reached XP level 1. HP: 19/19 MP: 0/0
   154 | D:1      | Reached XP level 2. HP: 27/27 MP: 1/1
   536 | D:1      | Reached XP level 3. HP: 33/33 MP: 2/2
   816 | D:2      | Found a sparkling altar of Nemelex Xobeh.
   885 | D:2      | Reached XP level 4. HP: 41/41 MP: 3/3
  1310 | D:1      | Gained mutation: Scrolls take you a little longer to read.
                  | [potion of mutation]
  1310 | D:1      | Gained mutation: Scrolls take you longer to read. [potion
                  | of mutation]
  1310 | D:1      | Gained mutation: You have sharp toenails. [potion of
                  | mutation]
  1317 | D:$      | Got out of the dungeon alive.

Levels and vault maps discovered:
D:1:      grunt_arrival_lava_bath, layout_loops_ring
D:2:      layout_basic, nemelex_xobeh_ov_fountains_minmay, first_ration

Skill      XL: |  1  2  3 |
---------------+----------+-----
Fighting       | 4 |  4.4
Armour         | 4 |  4.2
Shields        | 4 |  4.6
Long Blades    | 3 |  3.4
Dodging        | |  0.3

Action                   |  1- 3 |  4- 6 || total
-------------------------+-------+-------++-------
Melee: Long sword        |    78 |    18 ||    96
       Headbutt          |    12 |     3 ||    15
  Use: Potion            |       |     5 ||     5
  Eat: Chunk             |       |     1 ||     1
Armor: Scale mail        |    52 |     8 ||    60
Dodge: Dodged            |    16 |     7 ||    23
Block: Shield            |    35 |     9 ||    44
       Rpst.: Long sword |     2 |     1 ||     3
